 Dungeon Crawl Stone Soup version 0.31-a0-765-g67fe2935dc (webtiles) character file.

Game seed: 13203455949550532595

67 Essalna the Conjurer (level 4, 30/30 HPs)
             Began as a Demonspawn Conjurer on Sept 16, 2023.
             Got out of the dungeon alive.
             The game lasted 00:02:33 (1744 turns).

Essalna the Conjurer (Demonspawn Conjurer)          Turns: 1744, Time: 00:02:34

Health: 30/30      AC:  6    Str:  8    XL:     4   Next: 0%
Magic:  8/8        EV: 12    Int: 21    God:
Gold:   70         SH:  4    Dex: 17    Spells: 6/9 levels left

rFire   . . .        c - +0 dagger
rCold   . . .        (no shield)
rNeg    . . .        a - +0 robe
rPois   .            (no helmet)
rElec   .            (no cloak)
rCorr   .            (no gloves)
SInv    .            (no boots)
Will    .....        (no amulet)
Stlth   ++           e - +4 ring of protection
HPRegen 0.25/turn    j - +6 ring of dexterity
MPRegen 0.11/turn

%: no passive effects
@: no status effects
A: large bone plates 1, demonic guardian 1
a: no special abilities


You escaped.
You visited 1 branch of the dungeon, and saw 2 of its levels.

You collected 70 gold pieces.

Inventory:

Hand Weapons
 c - a +0 dagger (weapon)
Armour
 a - a +0 robe (worn)
Jewellery
 e - a +4 ring of protection (left hand)
 j - a +6 ring of dexterity (right hand)
Scrolls
 d - 2 scrolls of acquirement {unknown}
 f - a scroll of amnesia {unknown}
 g - 3 scrolls of identify {unknown}
 i - a scroll of teleportation {unknown}
Potions
 b - a potion of magic
 h - 2 potions of heal wounds {unknown}
 k - a potion of enlightenment {unknown}


   Skills:
 - Level 1.7 Dodging
 - Level 1.7 Stealth
 + Level 3.1 Spellcasting
 + Level 4.8 Conjurations


You had 6 spell levels left.
You knew the following spells:

 Your Spells              Type           Power      Damage    Failure   Level
a - Magic Dart            Conj           92%        1d7       1%          1
b - Searing Ray           Conj           46%        2d6       2%          2

Your spell library contained the following spells:

 Spells                   Type           Power      Damage    Failure   Level
 Dazzling Flash           Conj/Hex       26%        N/A       14%         3
 Fulminant Prism          Conj/Hex       6%         3d7       43%         4
 Iskenderun's Mystic Bla  Conj/Tloc      13%        2d5       43%         4


Dungeon Overview and Level Annotations

Branches:
Dungeon (2/15)

Altars:


Innate Abilities, Weirdness & Mutations

You are partially covered in large bone plates. (SH +4)
A weak demonic guardian rushes to your aid.


Message History

You kill the rat!
The magic dart hits the ball python.
The ball python is heavily wounded.
The magic dart hits the ball python.
The ball python is severely wounded.
The magic dart hits the ball python.
You kill the ball python!
You can't see any susceptible monsters within range! (Use Z to cast anyway.)
g - 3 scrolls labelled AKHYUDUG IROPLE (gained 1)
You open the door.
There is an open door here.
Found a book of Conjurations.
Found 3 stones.
Found a mace.
Key pressed, stopping explore.
You see here a +0 mace.
Key pressed, stopping explore.
You open the door.
There is an open door here.
Things that are here:
a +0 dagger; a +0 robe An endoplasm comes into view.
An endoplasm is nearby!
The magic dart hits the endoplasm.
The endoplasm is lightly wounded.
The magic dart hits the endoplasm.
The endoplasm is heavily wounded.
The magic dart hits the endoplasm.
You kill the endoplasm!
You have reached level 4!
You feel stronger.
Your demonic ancestry asserts itself...
Large bone plates grow over parts of your arms.
There is an open door here.
There is a stone staircase leading up here.
You climb upwards.
There is a stone staircase leading down here.
There is an open door here.
There is an open door here.
There is a staircase leading out of the dungeon here.
You have escaped!

#...#.##.#~♣P~~.♣.~~♣P~
###.#.#.##~PP~~♣♣♣~~♣♣~
#....###~P♣~~PPP~~P.~
#.#.## #~♣♣~~♣PP~~PP~
#.#.# #~P.~~.PP~~♣P~
#.######~♣.~~~~~~~P♣~
#.##...#~P.~.....~..~
#.##...#~~~~.###.~~~~
#.##@..'.....#§#.....
#.##...#~~~~.###.~~~~
#.##...#~P.~.....~.♣~
#.######~P♣~~~~~~~♣.~
#.##.# #~PP~~P♣♣~~P♣~
#.##.# #~.♣~~♣♣P~~♣P~
#.##.# #~♣P~~..♣~~P♣~
#.##.# #~♣P~~♣.♣~~P♣~
#.##.# #~.P~~P♣.~~♣.~


There were no monsters in sight!

Vanquished Creatures
  Jessica (D:2)
  An adder (D:2)
  3 bats (D:1)
  3 endoplasms
  3 goblins (D:1)
  4 hobgoblins (D:1)
  3 jackals (D:1)
  5 ball pythons
  2 frilled lizards (D:1)
  6 rats
31 creatures vanquished.

Vanquished Creatures (collateral kills)
  A quokka (D:1)
  A ball python (D:1)
2 creatures vanquished.

Grand Total: 33 creatures vanquished

Notes
Turn   | Place    | Note
-------+----------+-------------------------------------------
     0 | D:1      | Essalna the Demonspawn Conjurer began the quest for the
                  | Orb.
     0 | D:1      | Reached XP level 1. HP: 13/13 MP: 3/3
   282 | D:1      | Gained mutation: A weak demonic guardian rushes to your
                  | aid. [demonic ancestry]
   282 | D:1      | Reached XP level 2. HP: 19/19 MP: 1/5
   442 | D:1      | Found a faded altar of an unknown god.
  1242 | D:2      | Reached XP level 3. HP: 24/24 MP: 2/7
  1382 | D:2      | Learned a level 2 spell: Searing Ray
  1412 | D:2      | Noticed Jessica
  1415 | D:2      | Killed Jessica
  1663 | D:2      | Gained mutation: You are partially covered in large bone
                  | plates. (SH +4) [demonic ancestry]
  1663 | D:2      | Reached XP level 4. HP: 30/30 MP: 4/8
  1744 | D:$      | Got out of the dungeon alive.

Illustrated notes

Levels and vault maps discovered:
D:1:      lightli_arrival_farm, layout_loops_ring,
          shapermc_ecumenical_altar_starsandcircs
D:2:      layout_basic, hex_large, uniq_jessica

Skill      XL: |  1  2  3 |
---------------+----------+-----
Spellcasting   | 3 |  3.1
Dodging        | |  1.7
Stealth        | |  1.7
Conjurations   | |  4.8

Action                     |  1- 3 |  4- 6 || total
---------------------------+-------+-------++-------
  Melee: Dagger            |    35 |       ||    35
   Cast: Magic Dart        |    61 |       ||    61
 Armour: Robe              |    28 |       ||    28
  Dodge: Dodged            |    28 |       ||    28

Table legend: (Time is in decaauts)
 A = Elapsed time spent in this place.
 B = Non-inter-level travel time spent in this place.
 C = Inter-level travel time spent in this place.
 D = Time resting spent in this place.
 E = Time spent auto-exploring this place.
 F = Levels seen in this place.
 G = Mean time per level.
                   A        B        C        D        E       F      G
               +--------+--------+--------+--------+--------+-----+--------+
         Total |   1766 |   1659 |    107 |      0 |   1492 |   2 |  883.0 |
       Dungeon |   1766 |   1659 |    107 |      0 |   1492 |   2 |  883.0 |
               +--------+--------+--------+--------+--------+-----+--------+

Top non-repeatable levels by time:
     D:1: 1157 daAuts
     D:2: 608 daAuts
